 Dungeon Crawl Stone Soup version 0.22-a0-247-gbddf880 (webtiles) character file.

201 varam the Sneak (level 5, 0/24 HPs)
             Began as a Spriggan Enchanter on Feb 26, 2018.
             Slain by a killer bee (8 damage)
             ... on level 5 of the Dungeon.
             The game lasted 00:06:59 (2814 turns).

varam the Sneak (Spriggan Enchanter)                Turns: 2814, Time: 00:07:00

Health: 0/24       AC:  2    Str:  5    XL:     5   Next: 50%
Magic:  4/10       EV: 18    Int: 16    God:
Gold:   244        SH:  0    Dex: 19    Spells: 3/9 levels left

rFire    + . .     SeeInvis +   a - +1 dagger
rCold    . . .     Gourm    .   (shield restricted)
rNeg     . . .     Faith    .   b - +0 robe
rPois    .         Spirit   .   (helmet restricted)
rElec    .         Reflect  .   (no cloak)
rCorr    .         Harm     .   (gloves unavailable)
MR       .....                  (boots unavailable)
Stlth    ++++......             h - amulet of regeneration
HPRegen  0.48/turn              (no ring)
MPRegen  0.12/turn              (no ring)

@: very quick
A: very small, unfitting armour, horns 1, see invisible, agile 1, deterioration
1, fire resistance 1, herbivore, speed 3, slow metabolism 2
a: no special abilities


You were on level 5 of the Dungeon.
You were not hungry.

You visited 1 branch of the dungeon, and saw 5 of its levels.

You collected 244 gold pieces.

Inventory:

Hand Weapons
 a - a +1 dagger (weapon)
 g - a +0 short sword
Armour
 b - a +0 robe (worn)
Jewellery
 h - an amulet of regeneration (around neck)
Scrolls
 d - a scroll of identify
 j - a scroll of teleportation
 l - a scroll of remove curse
Potions
 e - 2 potions of lignification
 f - a potion of mutation
 i - a potion of brilliance {unknown}
 k - a potion of magic {unknown}
 m - a potion of curing
 n - a potion of heal wounds {unknown}
Comestibles
 c - 3 rations


   Skills:
 + Level 4.2 Short Blades
 - Level 3.0 Dodging
 + Level 7.5 Stealth
 - Level 2.6 Spellcasting
 - Level 3.6 Hexes


You had 3 spell levels left.
You knew the following spells:

 Your Spells              Type           Power        Failure   Level  Hunger
a - Corona                Hex            ##.....      4%          1    #......
b - Ensorcelled Hibernat  Hex/Ice        #.....       14%         2    ##.....
c - Confuse               Hex            ##......     13%         3    ###....


Dungeon Overview and Level Annotations

Branches:
Dungeon (5/15)
 Temple: D:4-7

Altars:
Ru

Shops:
D:4 :

Annotations:
D:3 Grinder
D:4 Gorglomux's ghost, amateur MiFE


Innate Abilities, Weirdness & Mutations

You are very small and have problems with some larger weapons.
You are too small for most types of armour.
You have supernaturally acute eyesight. (SInv)
You are a herbivore.
You cover ground extremely quickly.
You need consume almost no food.
You have a pair of small horns on your head.
You are agile. (Dex +2)
Your body sometimes deteriorates upon taking damage.
Your flesh is heat resistant. (rF+)


Message History

You hit the jackal.
You kill the jackal!
You hear an angry buzzing noise.
You hear a shout! x3
Casting: Corona (safe; 4% risk of failure)
Confirm with . or Enter, or press ? or * to list all spells.
Aiming: Ensorcelled Hibernation (safe; 14% risk of failure)
Press: ? - help, Shift-Dir - straight line, f - killer bee
Aim: a killer bee (chance to defeat MR: 48%)
The killer bee resists with some effort.
The killer bee misses you. x3
Casting: Ensorcelled Hibernation (safe; 14% risk of failure)
Confirm with . or Enter, or press ? or * to list all spells.
Okay, then.
The killer bee stings you!
An orc wizard comes into view. It is wielding a dagger.
The killer bee stings you.
An orc comes into view. It is wielding a dagger.
There is a stone staircase leading down here.
The killer bee misses you. The killer bee stings you! x2
You die...

.......o.o......#...#
.........o.?....#...##
....##y...o...#....#.#
....##†##.......#...# .
......##.....##.....##..
#....#....#...#.........
.......##.o............#
..##....#......y......#
.
.###....#####..y@.....#
. #
###....###..y........
#.....#............
##............##...
##..........## ..
##..........# .
#...........#
###...........# ...
##...#....... ...


You could see 3 killer bees, an orc wizard and 2 orcs.

Vanquished Creatures
  A killer bee (D:5)
  A jelly (D:5)
  A hound (D:4)
  3 adders
  2 gnolls (D:4)
  A worm (D:2)
  2 leopard geckos
  5 orcs
  A giant cockroach (D:4)
  4 hobgoblins
  2 jackals
  A quokka (D:3)
  8 bats
  A frilled lizard (D:2)
  5 goblins
  5 kobolds
  3 rats
46 creatures vanquished.

Notes
Turn   | Place    | Note
-------+----------+-------------------------------------------
     0 | D:1      | varam the Spriggan Enchanter began the quest for the Orb.
     0 | D:1      | Reached XP level 1. HP: 9/9 MP: 5/5
   551 | D:1      | Reached XP level 2. HP: 12/13 MP: 6/6
   621 | D:1      | Reached skill level 5 in Stealth
   659 | D:1      | Reached skill level 2 in Short Blades
   663 | D:1      | Learned a level 2 spell: Ensorcelled Hibernation
  1387 | D:2      | Reached XP level 3. HP: 16/16 MP: 5/8
  1597 | D:2      | Found a sacrificial altar of Ru.
  1900 | D:3      | Reached skill level 3 in Short Blades
  1900 | D:3      | Reached skill level 6 in Stealth
  2184 | D:4      | Noticed Gorglomux's ghost (amateur MiFE)
  2199 | D:4      | Found Riahi Yca's Book Shoppe.
  2205 | D:4      | Reached XP level 4. HP: 16/21 MP: 5/9
  2224 | D:5      | Entered Level 5 of the Dungeon
  2224 | D:5      | Noticed an ice beast
  2447 | D:3      | Noticed Grinder
  2450 | D:3      | Paralysed by Grinder for 2 turns
  2462 | D:4      | Learned a level 3 spell: Confuse
  2503 | D:4      | HP: 2/21 [Gorglomux's ghost (6)]
  2733 | D:5      | Gained mutation: You are agile. (Dex +2) [potion of mutation]
  2733 | D:5      | Gained mutation: You have a pair of small horns on your head. [potion of mutation]
  2733 | D:5      | Gained mutation: Your body sometimes deteriorates upon taking damage. [potion of mutation]
  2733 | D:5      | Gained mutation: Your flesh is heat resistant. (rF+) [potion of mutation]
  2788 | D:5      | Reached skill level 7 in Stealth
  2788 | D:5      | Reached XP level 5. HP: 23/24 MP: 7/10
  2796 | D:5      | Reached skill level 4 in Short Blades
  2814 | D:5      | Slain by a killer bee

Vault maps used:
D:1:      dpeg_arrival_solitude
D:2:      nicolae_ru_the_path_less_chosen
D:3:      uniq_grinder
D:4:      minmay_temple_entry_statues_pillars, serial_shops, shop,
          nicolae_shop_statue_plus
D:5:      first_ration, st_stairs_14, uniq_duvessa

Skill      XL: |  1  2  3  4  5 |
---------------+----------------+-----
Stealth        | 5 6 7 |  7.5
Short Blades   | 2 3 4 |  4.2
Dodging        | |  3.0
Spellcasting   | |  2.6
Hexes          | |  3.6

Action                   |  1- 3 |  4- 6 || total
-------------------------+-------+-------++-------
Melee: Dagger            |   120 |    38 ||   158
 Cast: Corona            |    23 |     4 ||    27
       Ensorcelled Hiber |     8 |     9 ||    17
       Confuse           |       |     2 ||     2
  Use: Scroll            |       |     6 ||     6
       Potion            |       |     1 ||     1
 Stab: Sleeping          |    14 |     8 ||    22
  Eat: Ration            |       |     1 ||     1
Armor: Robe              |     8 |     3 ||    11
Dodge: Dodged            |    98 |    38 ||   136

Table legend:
 A = Spawn XP
 B = Non-spawn XP
 C = Spawn XP percentage of total XP
 D = Spawn monster count
 E = Non-spawn monster count
 F = Spawn count percentage of total count
 G = Total turns spent on level
                    A         B        C        D         E        F      G
               +---------+---------+-------+---------+---------+-------+---------
         Total |       0 |     288 |   0.0 |       0 |      46 |   0.0 |  2814
               +---------+---------+-------+---------+---------+-------+---------
           D:1 |       0 |      23 |   0.0 |       0 |      14 |   0.0 |   911
           D:2 |       0 |      45 |   0.0 |       0 |      16 |   0.0 |   967
           D:3 |       0 |      22 |   0.0 |       0 |       6 |   0.0 |   409
           D:4 |       0 |      77 |   0.0 |       0 |       6 |   0.0 |   214
           D:5 |       0 |     121 |   0.0 |       0 |       4 |   0.0 |   313
               +---------+---------+-------+---------+---------+-------+---------
